 Dungeon Crawl Stone Soup version 0.31-a0-618-g7ca08c1ff9 (webtiles) character file.

Game seed: 52676109445321364

7826 MackTheKnife the Alchemist (level 11, -2/48 HPs)
             Began as a Felid Wanderer on Aug 22, 2023.
             Was an Initiate of Gozag.
             Slain by a water moccasin (6 damage)
             ... on level 1 of the Lair of Beasts.
             The game lasted 00:38:09 (17350 turns).

MackTheKnife the Alchemist (Felid Wanderer)        Turns: 17350, Time: 00:38:09

Health: -2/48      AC:  2    Str:  6    XL:     11   Next: 1%
Magic:  19/19      EV: 19    Int: 25    God:    Gozag
Gold:   1173       SH:  0    Dex: 17    Spells: 8/20 levels left
                                        Lives:  0   Deaths: 3

rFire   . . .        (weapon unavailable)
rCold   . . .        (shield unavailable)
rNeg    . . .        (body armour unavailable)
rPois   .            (helmet unavailable)
rElec   .            (cloak unavailable)
rCorr   .            (gloves unavailable)
SInv    +            (boots unavailable)
Will    ++...        i - amulet of the acrobat
Stlth   +++          j - ring of willpower
HPRegen 0.28/turn    q - +6 ring of intelligence
MPRegen 0.16/turn

%: acrobat
@: lethally poisoned (-2 -> -13), quick
A: very small, claws 1, fangs 3, see invisible, speed 1, shaggy fur 2, stealthy
paws, no weapons or thrown items, no armour, multi-lived
a: Renounce Religion, Potion Petition, Call Merchant, Bribe Branch


You were on level 1 of the Lair of Beasts.
You worshipped Gozag.
Gozag was most pleased with you.
You visited 2 branches of the dungeon, and saw 12 of its levels.
You also visited: Ossuary.

You collected 2275 gold pieces.
You spent 591 gold pieces at shops.
You paid 511 gold pieces to Gozag.


Innate Abilities, Weirdness & Mutations

You have sharp claws.
You have razor-sharp teeth.
You have supernaturally acute eyesight. (SInv)
You cover ground quickly. (Speed+)
You are covered in thick fur. (AC +2)
Your paws help you pounce on unaware monsters.
You are incapable of wielding weapons or throwing items.
You cannot wear armour.
You gain extra lives every three experience levels.


   Skills:
 - Level 6.0 Fighting
 - Level 5.3 Dodging
 - Level 4.1 Stealth
 + Level 5.1 Spellcasting
 + Level 7.1 Conjurations
 - Level 6.6 Hexes
 - Level 5.1 Summonings
 + Level 9.1 Transmutations
 - Level 4.3 Fire Magic
 - Level 3.2 Poison Magic


You had 8 spell levels left.
You knew the following spells:

 Your Spells              Type           Power      Damage    Failure   Level
a - Sting                 Tmut/Pois      100%       1d8       1%          1
b - Summon Guardian Gole  Hex/Summ       35%        N/A       2%          3
c - Ignite Poison         Fire/Tmut/Pois 34%        N/A       2%          3
d - Irradiate             Conj/Tmut      23%        3d19      8%          5

Your spell library contained the following spells:

 Spells                   Type           Power      Damage    Failure   Level
 Kiss of Death            Conj/Necr      96%        2d12      1%          1
 Slow                     Hex            100%       N/A       1%          1
 Passwall                 Tmut/Erth      24%        N/A       1%          2
 Wereblood                Tmut           51%        N/A       1%          2
 Confusing Touch          Hex            39%        N/A       1%          3
 Dazzling Flash           Conj/Hex       82%        N/A       1%          3
 Ensorcelled Hibernation  Hex/Ice        46%        N/A       3%          2
 Stone Arrow              Conj/Erth      48%        3d10      5%          3
 Sandblast                Erth           12%        2d6       9%          1
 Swiftness                Air            6%         N/A       24%         3
 Dispel Undead            Necr           6%         3d8       63%         4

Inventory:

Jewellery
 i - an amulet of the acrobat (around neck)
   (You found it on level 3 of the Dungeon)
 j - a ring of willpower (left paw)
   (You found it on level 4 of the Dungeon)
 q - a +6 ring of intelligence (right paw)
   (You bought it in a shop on level 5 of the Dungeon)
 s - an amulet of regeneration {@e2}
   (You took it off a gnoll on level 5 of the Dungeon)
Talismans
 n - a serpent talisman
   (You found it on level 4 of the Dungeon)
Wands
 y - a wand of roots (10)
   (You found it on level 6 of the Dungeon)
 A - a wand of acid (3)
   (You found it on level 8 of the Dungeon)
 E - a wand of flame (2)
   (You found it on level 10 of the Dungeon)
Scrolls
 c - 3 scrolls of enchant armour
 d - a scroll of amnesia
 f - a scroll of silence {!r}
 g - 4 scrolls of teleportation {@r4}
 l - a scroll of fog
 m - 4 scrolls of immolation {!r!r}
 p - 2 scrolls of vulnerability {!r!r}
 t - 2 scrolls of revelation
 v - 2 scrolls of poison {!r}
 G - a scroll of blinking {!r}
Potions
 a - 9 potions of curing {@q1}
 b - 2 potions of attraction {!q}
 e - 3 potions of heal wounds {@q2}
 h - 3 potions of brilliance
 k - a potion of magic {unknown}
 o - a potion of berserk rage {unknown}
 r - a potion of mutation {unknown}
 u - a potion of haste {unknown}
 w - 4 potions of might {unknown}
 x - a potion of invisibility {unknown}
 z - 2 potions of cancellation {unknown}
 B - a potion of lignification {unknown}
 F - a potion of resistance {unknown}
Miscellaneous
 C - a phial of floods
   (You found it on level 9 of the Dungeon)

Dungeon Overview and Level Annotations

Branches:
Dungeon (11/15) Zot: 26530  Temple (0/1) D:7            Lair (1/5) D:11 Zot: 17934
Ossuary (visited)
    Orc: D:9-12

Altars:
Fedhas
Gozag
Hepliaklqana
Kikubaaqudgha
Okawaru
Qazlal
Ru
Trog
Wu Jian
Xom
The Shining One

Shops:
D:4 ??   D:5 =[=*=

Annotations:
D:4 exclusion: mummy
D:8 exclusion: boulder beetle

........# #...### ≈##.....#
##..## ≈≈#.._..##≈#...##
#≈~≈c≈≈~#≈≈#....##
#≈≈≈≈≈≈c≈≈#.....## .....)..#
#~≈≈~~≈c≈##......# ........#
#≈~≈≈c≈# #......## ........#
#~≈~≈≈≈# #......P#
........####...S@W###......##
........##.$#...$.........##
.=..[...#.9########......##
........#W.# ##....##
.....§..S#.# #...##
<.......##.P# # #P..#
........##..# #.####..#
........#P... ...#..#
........##.P## #.#..#


You could see a water moccasin, a shadow (invisible) and 4 centaurs.


Message History

😕 HP[+1] Unknown command.
You barely miss the cane toad. The cane toad barely misses you.
The cane toad stings you!! 😮 HP[-20]
You take 20 damage, and now have 27/48 hp.
MASSIVE DAMAGE!! (PAUSE)
You scratch the cane toad but do no damage.
The cane toad barely misses you.
You barely miss the cane toad.
The cane toad barely misses you. 😮 HP[+1]
You closely miss the cane toad. The cane toad stings you.
* * * LOW HITPOINT WARNING * * *
You scratch the cane toad.
The cane toad barely misses you. 😨 HP[-4]
You take 4 damage, and now have 24/48 hp.
You barely miss the cane toad. The cane toad stings you!!
Ouch! That really hurt!
You die...
The cane toad stings you!!
You rejoin the land of the living... 😎 HP[+24]
Your hp is fully restored (48).
The centaur shoots an arrow.
The arrow misses you.
The shadow slips into darkness.
The shadow flickers and vanishes for a moment.
The shadow barely misses you.
The centaur shoots an arrow.
The arrow misses you. The shadow completely misses you.
The centaur shoots an arrow.
The arrow completely misses you.
The centaur shoots an arrow.
The arrow barely misses you.
The water moccasin hisses angrily.
You hear a shout!
The centaur shoots an arrow.
The arrow completely misses you.
The centaur shoots an arrow.
The arrow completely misses you.
The centaur shoots an arrow.
The arrow closely misses you.
The centaur shoots an arrow.
The arrow completely misses you.
The centaur shoots an arrow.
The arrow completely misses you.
The centaur shoots an arrow.
The arrow completely misses you.
The centaur shoots an arrow.
The arrow completely misses you.
The centaur shoots an arrow.
The arrow completely misses you.
The centaur shoots an arrow.
The arrow closely misses you.
The arrow closely misses the shadow.
Why would you want to do that? Why would you want to do that?
Why would you want to do that? Why would you want to do that?
Why would you want to do that? Why would you want to do that?
Why would you want to do that? Why would you want to do that?
Why would you want to do that? Why would you want to do that?
Why would you want to do that? Why would you want to do that?
Why would you want to do that? Why would you want to do that?
Why would you want to do that? Why would you want to do that?
Why would you want to do that? Why would you want to do that?
Why would you want to do that? Why would you want to do that?
Why would you want to do that? Why would you want to do that?
Why would you want to do that?
The centaur shoots an arrow.
The arrow completely misses you.
The centaur shoots an arrow.
The arrow completely misses you.
The centaur shoots an arrow.
The arrow completely misses you. The shadow misses you.
You closely miss the water moccasin. The water moccasin bites you!
The centaur shoots an arrow.
The arrow closely misses you.
The centaur shoots an arrow.
The arrow closely misses you.
The centaur shoots an arrow.
The arrow closely misses you. The shadow closely misses you.
The water moccasin misses you. 😕 HP[-8]
You take 8 damage, and now have 40/48 hp.
You closely miss the water moccasin.
The centaur shoots an arrow.
The arrow closely misses you.
The centaur shoots an arrow.
The arrow closely misses you.
The centaur shoots an arrow.
The arrow hits you. The water moccasin bites you!
The shadow completely misses you.
You barely miss the shadow.
The centaur shoots an arrow.
The arrow hits you.
The centaur shoots an arrow.
The arrow completely misses you. The water moccasin misses you.
The shadow misses you. 😮 HP[-15]
You take 15 damage, and now have 25/48 hp.
MASSIVE DAMAGE!! (PAUSE)
You scratch the water moccasin but do no damage.
You bite the water moccasin, but do no damage.
The centaur shoots an arrow.
The arrow hits you!
* * * LOW HITPOINT WARNING * * *
The water moccasin bites you.
* * * LOW HITPOINT WARNING * * *
You are lethally poisoned!
The water moccasin poisons you!
The centaur shoots an arrow.
The arrow hits you!
* * * LOW HITPOINT WARNING * * *
The centaur shoots an arrow.
The arrow misses you. The water moccasin bites you.
You die...
Your body crumbles into a pile of gold.

Skill      XL: |  1  2  3  4  5  6  7  8  9 10 |
---------------+-------------------------------+-----
Stealth        | 4 |  4.1
Poison Magic   | 1 2 3 |  3.2
Summonings     | 3 4 5 |  5.1
Hexes          | 6 |  6.6
Spellcasting   | 2 5 |  5.1
Dodging        | 2 5 |  5.3
Transmutations | 5 7 9 |  9.1
Fire Magic     | 2 4 |  4.3
Fighting       | 6 |  6.0
Conjurations   | 1 7 |  7.1

Action                     |  1- 3 |  4- 6 |  7- 9 | 10-12 || total
---------------------------+-------+-------+-------+-------++-------
  Melee: Unarmed           |    26 |    57 |   242 |    30 ||   355
         Bite              |     3 |     6 |    43 |     7 ||    59
         Punch             |     1 |     2 |     3 |       ||     6
   Cast: Sting             |    65 |   164 |   358 |    97 ||   684
         Summon Guardian G |       |     7 |    41 |    23 ||    71
         Ignite Poison     |       |       |    18 |    24 ||    42
 Invoke: Call Merchant     |       |       |     1 |       ||     1
  Evoke: Wand              |       |       |       |     2 ||     2
    Use: Scroll            |       |     9 |     4 |     3 ||    16
         Potion            |       |       |       |     1 ||     1
   Stab: Sleeping          |       |       |       |     1 ||     1
 Armour: Skin              |     4 |    12 |    59 |     3 ||    78
  Dodge: Dodged            |    36 |   139 |   552 |   138 ||   865

Levels and vault maps discovered:
D:1:      moated_graveyard_arrival, layout_basic
D:2:      layout_rooms, chequers_avenue, serial_bayou_pond_b
D:3:      layout_loops_ring, okawaru_altar_gauntlet_db,
          nicolae_qazlal_beasts_of_the_sky,
          chequers_temple_overflow_statue_of_worship, kennysheep_pointless_box
D:4:      layout_basic, serial_shops, kennysheep_mini_moat, shop,
          chequers_serial_rivers_micro_b, minmay_mini_ossuary
D:5:      lemuel_castle_with_subvaults [lemuel_castle_interior_carwin_1],
          layout_basic, nicolae_ru_sacrificial_ziggurat, kennysheep_little_box,
          serial_shops, nicolae_shop_dealshenge, nicolae_shop_advertising_works
          [nicolae_subvault_shop_adworks], nicolae_shop_just_a_little_nook,
          minmay_shop_enchanted_jewellery
D:6:      layout_loops_ring, nicolae_ossuary_entry_ruins
D:7:      layout_rooms, minmay_temple_entry_ruins
D:8:      minmay_blocky_corners, layout_gridville,
          gammafunk_temple_overflow_claw, kennysheep_generic_room_8
D:9:      layout_irregular_city, uniq_harold
D:10:     layout_long_grid, general_overflow_altar, uniq_sonja
D:11:     minmay_shrinking_squares, layout_loops_cross, hellmonk_lair_entry_icy,
          erik_orc_1, gammafunk_ghost_hive, uniq_snorg
Lair:1:   minmay_guarded_unrand_snakebite, layout_gridlike,
          lemuel_centaur_altar, grunt_megastairs_1

Notes
Turn   | Place    | Note
-------+----------+-------------------------------------------
     0 | D:1      | MackTheKnife the Felid Wanderer began the quest for the
                  | Orb.
     0 | D:1      | MackTheKnife set off with the following items: a potion of
                  | curing {@q1}; and the following spells available to
                  | memorise: Slow, Sting, Dazzling Flash, Summon Guardian
                  | Golem, Ignite Poison.
     0 | D:1      | Reached XP level 1. HP: 9/9 MP: 3/3
     0 | D:1      | magus.rc [v1.9.6]
    47 | D:1      | Learned a level 1 spell: Sting
   117 | D:1      | Reached skill level 3 in Stealth
   292 | D:1      | Reached skill level 4 in Stealth
   292 | D:1      | Reached XP level 2. HP: 12/12 MP: 0/4
  1050 | D:1      | Reached skill level 1 in Poison Magic
  1422 | D:2      | Reached XP level 3. HP: 15/15 MP: 3/5
  1566 | D:2      | Reached skill level 2 in Poison Magic
  1735 | D:2      | Reached XP level 4. HP: 19/19 MP: 1/6
  1797 | D:2      | Reached skill level 3 in Poison Magic
  2047 | D:2      | Learned a level 3 spell: Summon Guardian Golem
  2338 | D:3      | Reached skill level 1 in Summonings
  2378 | D:3      | Found a stormy altar of Qazlal.
  2378 | D:3      | Noticed a sky beast
  2394 | D:3      | Killed a sky beast
  2395 | D:3      | Reached skill level 3 in Summonings
  2395 | D:3      | Reached XP level 5. HP: 16/22 MP: 2/7
  2584 | D:3      | Identified the +4 ring mail of Stained Satisfaction {MP+9}
  3146 | D:3      | Reached skill level 6 in Hexes
  3146 | D:3      | Gained mutation: You are covered in thick fur. (AC +2)
                  | [Felid growth]
  3146 | D:3      | Reached XP level 6. HP: 9/25 MP: 0/8
  3358 | D:3      | Found an opulent altar of Gozag.
  3358 | D:3      | Found a hazy altar of Hepliaklqana.
  3382 | D:3      | HP: 2/25 [orc wizard/+0 quarterstaff (5)]
  3487 | D:3      | Became a worshipper of Gozag Ym Sagoz the Greedy
  3644 | D:3      | Found an iron altar of Okawaru.
  3907 | D:4      | Reached skill level 4 in Summonings
  4184 | D:4      | Found Zokiwneg's Magic Scroll Emporium.
  4760 | D:4      | Found Asaishykhe's Magic Scroll Shoppe.
  4763 | D:4      | Bought a scroll of identify for 24 gold pieces
  4763 | D:4      | Bought a scroll of identify for 24 gold pieces
  4766 | D:4      | Bought a scroll of teleportation for 36 gold pieces
  4882 | D:4      | HP: 6/25 [gnoll/+1 halberd of flaming (6)]
  5179 | D:4      | Reached skill level 2 in Spellcasting
  5289 | D:4      | Reached XP level 7. HP: 28/28 MP: 5/11
  5528 | D:5      | Entered Level 5 of the Dungeon
  5749 | D:5      | Found Liet's Armour Boutique.
  5769 | D:5      | Found Pioskiudgh's Assorted Antiques.
  5977 | D:5      | Found Ygolu's Jewellery Boutique.
  6072 | D:5      | Found a blossoming altar of Fedhas.
  6115 | D:5      | Reached skill level 5 in Summonings
  6341 | D:5      | Reached skill level 3 in Spellcasting
  6757 | D:5      | Reached skill level 4 in Spellcasting
  7155 | D:5      | Reached skill level 5 in Spellcasting
  7361 | D:5      | Reached skill level 2 in Dodging
  7365 | D:5      | Reached XP level 8. HP: 32/32 MP: 3/16
  7542 | D:5      | Reached skill level 3 in Dodging
  7782 | D:5      | Found Baaxis's Jewellery Shoppe.
  7837 | D:5      | HP: 8/32 [orc priest/+0 flail (4)]
  7839 | D:5      | Reached skill level 4 in Dodging
  7956 | D:5      | Found a sacrificial altar of Ru.
  8458 | D:5      | Reached skill level 5 in Dodging
  8663 | D:5      | You pick up a book of Burglary and begin reading...
  8663 | D:5      | You add the spells Passwall, Ensorcelled Hibernation and
                  | Swiftness to your library.
  8669 | D:5      | You pick up a book of Changes and begin reading...
  8669 | D:5      | You add the spells Wereblood and Irradiate to your library.
  8746 | D:5      | Learned a level 3 spell: Ignite Poison
  9068 | D:5      | Reached skill level 2 in Transmutations
  9223 | D:6      | HP: 8/32 [acid (7)]
  9228 | D:6      | HP: 6/32 [jelly (3)]
  9228 | D:6      | Splashed by a jelly's acid
  9229 | D:6      | magus.rc [v1.9.6]
  9233 | D:6      | Found a sand-covered staircase.
  9261 | Ossuary  | Entered an ossuary
  9519 | Ossuary  | HP: 8/32 [centaur zombie (3)]
  9539 | Ossuary  | Reached skill level 3 in Transmutations
  9821 | Ossuary  | HP: 5/32 [human zombie (7)]
  9984 | Ossuary  | Reached skill level 4 in Transmutations
 10601 | D:6      | Reached skill level 1 in Fire Magic
 10944 | D:6      | Reached skill level 5 in Transmutations
 11237 | D:6      | Reached skill level 2 in Fire Magic
 11278 | D:6      | Reached XP level 9. HP: 17/35 MP: 13/17
 11479 | D:6      | Reached skill level 6 in Transmutations
 11479 | D:6      | Reached skill level 3 in Fire Magic
 11523 | D:6      | Reached skill level 4 in Fire Magic
 11536 | D:6      | Reached skill level 7 in Transmutations
 11704 | D:6      | Reached skill level 2 in Fighting
 12014 | D:5      | Bought a +6 ring of intelligence for 432 gold pieces
 12114 | D:7      | Found a staircase to the Ecumenical Temple.
 12251 | D:7      | You pick up a book of Touch and begin reading...
 12251 | D:7      | You add the spells Kiss of Death, Confusing Touch and
                  | Dispel Undead to your library.
 12256 | D:7      | Reached skill level 3 in Fighting
 12564 | D:7      | Reached skill level 4 in Fighting
 13051 | D:8      | You pick up a book of Geomancy and begin reading...
 13051 | D:8      | You add the spells Sandblast and Stone Arrow to your
                  | library.
 13076 | D:8      | Reached skill level 5 in Fighting
 13099 | D:8      | Noticed a boulder beetle
 13266 | D:8      | Reached skill level 6 in Fighting
 13305 | D:8      | Learned a level 5 spell: Irradiate
 13423 | D:8      | Found an ancient bone altar of Kikubaaqudgha.
 13423 | D:8      | Found a shimmering altar of Xom.
 13423 | D:8      | Found an ornate altar of the Wu Jian Council.
 13466 | D:8      | Reached skill level 1 in Conjurations
 13532 | D:8      | Reached XP level 10. HP: 45/45 MP: 9/18
 13792 | D:8      | Reached skill level 2 in Conjurations
 14397 | D:9      | Reached skill level 3 in Conjurations
 14687 | D:9      | Noticed Harold
 14819 | D:9      | Killed Harold
 14820 | D:9      | Reached skill level 5 in Conjurations
 15553 | D:10     | Entered Level 10 of the Dungeon
 16018 | D:4      | Bought a scroll of blinking for 75 gold pieces
 16283 | D:10     | Found a glowing golden altar of the Shining One.
 16345 | D:10     | Noticed Sonja
 16361 | D:10     | HP: 11/45 [poisoned by Sonja]
 16467 | D:10     | Killed Sonja
 16468 | D:10     | Reached skill level 6 in Conjurations
 16793 | D:11     | Reached skill level 8 in Transmutations
 16948 | D:11     | Found a staircase to the Lair.
 16959 | D:11     | Noticed a two-headed ogre
 17009 | D:11     | Killed a two-headed ogre
 17010 | D:11     | Reached skill level 7 in Conjurations
 17020 | D:11     | Reached skill level 9 in Transmutations
 17020 | D:11     | Reached XP level 11. HP: 25/48 MP: 1/19
 17232 | D:11     | Noticed a centaur warrior
 17232 | D:11     | Noticed a deep elf pyromancer
 17232 | D:11     | Noticed a deep elf pyromancer
 17232 | D:11     | Noticed a deep elf pyromancer
 17274 | Lair:1   | Entered Level 1 of the Lair of Beasts
 17287 | Lair:1   | Found a bloodstained altar of Trog.
 17292 | Lair:1   | HP: 4/48 [centaur/arrow (12)]
 17292 | Lair:1   | Shot with an arrow by a centaur
 17304 | Lair:1   | Slain by a cane toad
 17350 | Lair:1   | HP: 11/48 [water moccasin (4)]
 17350 | Lair:1   | HP: 4/48 [centaur/arrow (7)]
 17350 | Lair:1   | Slain by a water moccasin

Vanquished Creatures
  Harold (D:9)
  A two-headed ogre (D:11)
  A rime drake (D:11)
  A troll (D:11)
  A polar bear (D:11)
  A golden eye (shapeshifter) (D:8)
  3 water moccasins
  2 orc warriors
  3 ice beasts
  A sky beast (D:3)
  2 wolves (D:11)
  A kobold brigand (D:9)
  4 bullfrogs
  A gnoll sergeant (D:5)
  A scorpion (D:6)
  10 howler monkeys
  2 centaur zombies (Ossuary)
  3 jellies
  4 hounds
  4 orc priests
  2 gnoll boudas
  3 sleepcaps
  2 iguanas (D:5)
  6 orc wizards
  10 adders
  47 gnolls
  2 shadow imps
  A white imp (D:8)
  3 ufetubi
  An adder zombie (Ossuary)
  38 orcs
  11 ball pythons
  7 endoplasms
  5 giant cockroaches
  3 goblins
  7 hobgoblins
  14 jackals
  A quokka (D:1)
  3 bats
  4 frilled lizards
  A goblin zombie (Ossuary)
  8 hobgoblin zombies (Ossuary)
  A jackal zombie (Ossuary)
  11 kobolds
  12 kobold zombies
  11 orc zombies
  3 rats
  A rat zombie (Ossuary)
265 creatures vanquished.

Vanquished Creatures (others)
  Sonja (D:10)
  A shadow (D:9)
  6 yaks (D:6)
  A wraith (D:10)
  2 ice beasts (D:11)
  An elf zombie (Ossuary)
  7 wights
  A human zombie (Ossuary)
  A hound (D:5)
  An orc priest (D:6)
  A gnoll bouda (D:9)
  A jelly (D:6)
  An orc wizard (D:6)
  2 mummies (Ossuary)
  A gnoll (D:5)
  An orc (D:6)
  A hobgoblin zombie (Ossuary)
30 creatures vanquished.

Grand Total: 295 creatures vanquished

Table legend:
 A = Non-vault XP
 B = Vault XP
 C = Vault XP percentage of total XP
 D = Non-vault monster count
 E = Vault monster count
 F = Vault count percentage of total count
                 A         B        C        D         E       F
            +---------+---------+-------+---------+---------+-------
      Total |    6903 |    4278 |  38.3 |     180 |     115 |  39.0
            +---------+---------+-------+---------+---------+-------
        D:1 |      30 |       0 |   0.0 |      18 |       0 |   0.0
        D:2 |     124 |       1 |   0.8 |      22 |       1 |   4.3
        D:3 |     152 |     132 |  46.5 |      18 |       7 |  28.0
        D:4 |     296 |       4 |   1.3 |      24 |       4 |  14.3
        D:5 |     405 |     733 |  64.4 |      13 |      55 |  80.9
        D:6 |    1898 |       0 |   0.0 |      26 |       0 |   0.0
        D:7 |     687 |       0 |   0.0 |      16 |       0 |   0.0
        D:8 |     965 |     185 |  16.1 |      18 |       1 |   5.3
        D:9 |     777 |     860 |  52.5 |      17 |       1 |   5.6
       D:10 |     449 |     772 |  63.2 |       6 |       1 |  14.3
       D:11 |    1120 |    1291 |  53.5 |       2 |       7 |  77.8
    Ossuary |       0 |     300 | 100.0 |       0 |      38 | 100.0
            +---------+---------+-------+---------+---------+-------

Skill      XL: |  1  2  3  4  5  6  7  8  9 10 |
---------------+-------------------------------+-----
Stealth        | 4 |  4.1
Poison Magic   | 1 2 3 |  3.2
Summonings     | 3 4 5 |  5.1
Hexes          | 6 |  6.6
Spellcasting   | 2 5 |  5.1
Dodging        | 2 5 |  5.3
Transmutations | 5 7 9 |  9.1
Fire Magic     | 2 4 |  4.3
Fighting       | 6 |  6.0
Conjurations   | 1 7 |  7.1

Action                     |  1- 3 |  4- 6 |  7- 9 | 10-12 || total
---------------------------+-------+-------+-------+-------++-------
  Melee: Unarmed           |    26 |    57 |   242 |    30 ||   355
         Bite              |     3 |     6 |    43 |     7 ||    59
         Punch             |     1 |     2 |     3 |       ||     6
   Cast: Sting             |    65 |   164 |   358 |    97 ||   684
         Summon Guardian G |       |     7 |    41 |    23 ||    71
         Ignite Poison     |       |       |    18 |    24 ||    42
 Invoke: Call Merchant     |       |       |     1 |       ||     1
  Evoke: Wand              |       |       |       |     2 ||     2
    Use: Scroll            |       |     9 |     4 |     3 ||    16
         Potion            |       |       |       |     1 ||     1
   Stab: Sleeping          |       |       |       |     1 ||     1
 Armour: Skin              |     4 |    12 |    59 |     3 ||    78
  Dodge: Dodged            |    36 |   139 |   552 |   138 ||   865

Illustrated notes

Table legend:
 A = Kills in this place as a percentage of kills in the entire game.
 B = Kills by you in this place as a percentage of kills by you in the entire game.
 C = Kills by friends in this place as a percentage of kills by friends in the entire game.
 D = Other kills in this place as a percentage of other kills in the entire game.
 E = Experience gained in this place as a percentage of experience gained in the entire game.
 F = Experience gained in this place divided by the number of levels of this place that you have seen.
                   A       B       C       D       E      F
               +-------+-------+-------+-------+-------+----------------------
         Total | 100.0 | 100.0 |   N/A | 100.0 | 100.0 | 860.1
       Dungeon |  87.1 |  87.5 |   N/A |  83.3 |  97.3 | 989.2
       Ossuary |  12.9 |  12.5 |   N/A |  16.7 |   2.7 | 300.0
               +-------+-------+-------+-------+-------+----------------------

Table legend: (Time is in decaauts)
 A = Elapsed time spent in this place.
 B = Non-inter-level travel time spent in this place.
 C = Inter-level travel time spent in this place.
 D = Time resting spent in this place.
 E = Time spent auto-exploring this place.
 F = Levels seen in this place.
 G = Mean time per level.
                   A        B        C        D        E       F      G
               +--------+--------+--------+--------+--------+-----+--------+
         Total |  15621 |  15015 |    606 |   2957 |   8163 |  13 | 1201.6 |
       Dungeon |  14588 |  13982 |    606 |   2812 |   7953 |  11 | 1326.2 |
          Lair |     64 |     64 |      0 |      0 |      0 |   1 |   64.0 |
       Ossuary |    969 |    969 |      0 |    145 |    210 |   1 |  969.0 |
               +--------+--------+--------+--------+--------+-----+--------+

Top non-repeatable levels by time:
     D:5: 3335 daAuts
     D:6: 1684 daAuts
     D:4: 1605 daAuts
     D:3: 1361 daAuts
     D:8: 1219 daAuts
     D:1: 1143 daAuts
     D:9: 1096 daAuts
 Ossuary: 969 daAuts
     D:2: 924 daAuts
     D:7: 910 daAuts
    D:10: 837 daAuts
    D:11: 469 daAuts
  Lair:1: 64 daAuts
